AoeStats
← KorelBorel

Arabian Desert

509453530Analyzed
1v1 RM · 7d ago on Sep 26, 2026· 29m 36s· 2 players
Game mode
Random Map
Map size
Tiny (2 player)
Population
200
Speed
Normal
Resources
Standard
Victory
Conquest
Starting age
Dark Age
Ending age
Imperial Age
RankedLock teamsTeams togetherTeam positionsShared explorationLock speedFull tech treeHidden civsTurbo modeCheats
Victory
Defeat
🇩🇪 Turks · Germany
621
+14
577
-14
JEMITO ŠUMAFUK 1916539043 CZ
4:04 Loom
11:23 Feudal Age
12:51 Double-Bit Axe
13:07 Horse Collar
15:26 Forging
16:46 Town Watch
21:33 Castle Age
19:33 Gold Mining
21:12 Wheelbarrow
20:23 Loom
22:12 Light Cavalry
23:33 Town Patrol
25:23 Fervor
25:42 Stone Mining
26:38 Bow Saw
26:58 Husbandry
28:31 Gold Shaft Mining
KorelBorel
7:55 Loom
10:14 Feudal Age
10:43 Double-Bit Axe
20:47 Castle Age
18:46 Gold Mining
22:10 Fletching
22:43 Husbandry
22:53 Bloodlines
26:06 Thumb Ring
26:31 Fervor
28:06 Squires
29:45 Ballistics
Connection lost

Rejoining the realm…

Still unreachable

The connection could not be restored.

Session expired

The server has moved on; the page needs a fresh start.